 Dungeon Crawl Stone Soup version 0.18.1-48-g4cf74bf (webtiles) character file.

1001 Mesmaeker13 the Skirmisher (level 8, 0/65 HPs)
             Began as a Demonspawn Gladiator on July 12, 2016.
             Killed by vampiric draining
             ... invoked by tyranidshit's ghost
              (11 damage)
             ... on level 5 of the Dungeon.
             The game lasted 00:10:23 (5661 turns).

Mesmaeker13 the Skirmisher (Demonspawn Gladiator)   Turns: 5661, Time: 00:10:24

Health: 0/65       AC: 10    Str: 17    XL:     8   Next: 0%
Magic:  8/8        EV: 11    Int: 11    God:
Gold:   181        SH:  0    Dex: 13    Spells: 0 memorised, 7 levels left

rFire  . . .     SeeInvis .     a - +0 war axe
rCold  . . .     Gourm    .     E - +0 scale mail
rNeg   . . .     Faith    .     (no shield)
rPois  .         Spirit   .     (helmet restricted)
rElec  .         Dismiss  .     C - +2 cloak {+Inv}
rCorr  +         Reflect  .     (no gloves)
SustAt .         Harm     .     (no boots)
MR     +....                    l - amulet of rage
Stlth  +++.......               y - ring of resist corrosion
                                j - ring of protection from magic

@: somewhat resistant to hostile enchantments, fairly stealthy
A: horns 1, molten scales 1, nightstalker 3
a: Evoke Berserk Rage, Evoke Invisibility


You were on level 5 of the Dungeon.
You were not hungry.

You visited 1 branch of the dungeon, and saw 5 of its levels.

You collected 181 gold pieces.

Inventory:

Hand Weapons
 a - a +0 war axe (weapon)
 m - a +0 blowgun
Missiles
 d - 3 throwing nets (quivered)
 n - 55 poisoned needles
Armour
 C - a +2 cloak of invisibility (worn)
 E - a +0 scale mail (worn)
Jewellery
 j - a ring of protection from magic (left hand)
 l - an amulet of rage (around neck)
 y - a ring of resist corrosion (right hand)
 A - a +2 ring of evasion
Wands
 c - a wand of confusion (4/48)
 v - a wand of lightning (0/15)
Scrolls
 e - a scroll of random uselessness {unknown}
 i - 3 scrolls of teleportation
 k - 2 scrolls of magic mapping
 p - 4 scrolls of fog {unknown}
 t - 7 scrolls of remove curse
 x - a scroll of amnesia {unknown}
Potions
 f - a potion of haste
 g - a potion of flight
 h - 2 potions of lignification
 o - a potion of resistance
 r - a potion of invisibility {unknown}
 s - 3 potions of curing
 w - a potion of agility {unknown}
Comestibles
 b - a slice of pizza
 u - a royal jelly
 z - 3 meat rations
 B - a bread ration
 D - a chunk of flesh


   Skills:
 + Level 6.5 Fighting
 + Level 6.2 Axes
 - Level 1.7 Throwing
 + Level 3.7 Dodging


You had 7 spell levels left.
You didn't know any spells.

Dungeon Overview and Level Annotations

Branches:
Dungeon (5/15)
 Temple: D:4-7

Altars:
Elyvilon
Sif Muna
Yredelemnul

Annotations:
D:5 tyranidshit's ghost, novice DDNe


Innate Abilities, Weirdness & Mutations

You have a pair of small horns on your head.
You are partially covered in molten scales (AC +1).
You are completely attuned to the shadows.


Message History

Tyranidshit's ghost closely misses you.
You barely miss tyranidshit's ghost.
Tyranidshit's ghost is severely damaged.
Tyranidshit's ghost hits you!
* * * LOW HITPOINT WARNING * * *
Tyranidshit's ghost burns you.
* * * LOW HITPOINT WARNING * * *
You slash tyranidshit's ghost!
Tyranidshit's ghost is almost destroyed.
Tyranidshit's ghost closely misses you.
Tyranidshit's ghost hits you but does no damage.
You barely miss tyranidshit's ghost.
You headbutt tyranidshit's ghost, but do no damage.
Tyranidshit's ghost is almost destroyed.
Tyranidshit's ghost gestures at you while chanting.
You resist with some effort.
You slash tyranidshit's ghost!
Tyranidshit's ghost is almost destroyed.
Tyranidshit's ghost is infused with unholy energy.
You die...

#.#.. .#.####
...... #.....
###. #@##
#####.....#.W#
#...#........#
#.#.#.##.###.#
##.#...## #.#
#.###..# #.#
##.#....# #.#
. #.####.###.
#.#
.###.#........
#.#


You could see tyranidshit's ghost.

Vanquished Creatures
  Menkaure (D:4)
  A centaur (D:5)
  2 scorpions (D:4)
  A crimson imp (D:5)
  The ghost of Mesmaeker13 the Ducker, a weakling FeBe of Trog (D:4)
  A hound (D:4)
  A giant frog zombie (D:5)
  2 orc priests
  A gnoll shaman (D:4)
  3 orc wizards
  Crazy Yiuf (D:4)
  An iguana (D:4)
  Natasha (thrice) (D:2)
  4 worker ants
  3 gnolls (D:4)
  A howler monkey skeleton (D:4)
  5 adders
  5 worms
  6 giant geckos
  9 orcs
  8 giant cockroaches
  7 hobgoblins
  7 jackals
  13 kobolds
  A quokka (D:4)
  A ball python (D:5)
  7 bats
  4 goblins
  11 rats
111 creatures vanquished.

Notes
Turn   | Place    | Note
--------------------------------------------------------------
     0 | D:1      | Mesmaeker13 the Demonspawn Gladiator began the quest for the Orb.
     0 | D:1      | Reached XP level 1. HP: 16/16 MP: 1/1
   174 | D:1      | Gained mutation: You are slightly more attuned to the shadows. [demonic ancestry]
   174 | D:1      | Reached XP level 2. HP: 21/23 MP: 2/2
   740 | D:1      | Gained mutation: You are significantly more attuned to the shadows. [demonic ancestry]
   740 | D:1      | Reached XP level 3. HP: 28/28 MP: 3/3
  1327 | D:2      | Noticed Natasha
  1353 | D:2      | Killed Natasha
  1353 | D:2      | Gained mutation: You are completely attuned to the shadows. [demonic ancestry]
  1353 | D:2      | Reached XP level 4. HP: 5/35 MP: 4/4
  2654 | D:2      | Noticed Natasha
  2660 | D:2      | Killed Natasha
  2660 | D:2      | Gained mutation: You have a pair of small horns on your head. [demonic ancestry]
  2660 | D:2      | Reached XP level 5. HP: 31/42 MP: 5/5
  2758 | D:2      | Noticed Natasha
  2772 | D:2      | Killed Natasha
  3705 | D:3      | Gained mutation: You are partially covered in molten scales (AC +1). [demonic ancestry]
  3705 | D:3      | Reached XP level 6. HP: 35/49 MP: 6/6
  4067 | D:4      | Noticed Mesmaeker13's ghost (weakling FeBe)
  4077 | D:4      | Killed Mesmaeker13's ghost
  4084 | D:4      | Reached skill level 5 in Fighting
  4085 | D:4      | Reached skill level 5 in Axes
  4111 | D:4      | Noticed Menkaure
  4118 | D:4      | Killed Menkaure
  4118 | D:4      | Reached XP level 7. HP: 44/56 MP: 7/7
  4383 | D:4      | Found a white marble altar of Elyvilon.
  4511 | D:4      | Found a basalt altar of Yredelemnul.
  4595 | D:4      | Noticed Crazy Yiuf
  4598 | D:4      | Killed Crazy Yiuf
  4757 | D:4      | Found a deep blue altar of Sif Muna.
  4919 | D:5      | Entered Level 5 of the Dungeon
  5573 | D:5      | Reached XP level 8. HP: 53/65 MP: 8/8
  5635 | D:5      | Noticed tyranidshit's ghost (novice DDNe)
  5661 | D:5      | Killed from afar by tyranidshit's ghost

Skill      XL: |  1  2  3  4  5  6  7 |
---------------+----------------------+-----
Axes           | 3 4 5 6 |  6.2
Fighting       | 3 4 5 6 |  6.5
Dodging        | 3 |  3.7
Throwing       | |  1.7

Action                   |  1- 3 |  4- 6 |  7- 9 || total
-------------------------+-------+-------+-------++-------
Melee: War axe           |    98 |   144 |   125 ||   367
       Headbutt          |       |    18 |    23 ||    41
Throw: Throwing net      |       |       |     1 ||     1
Evoke: Wand              |       |     6 |     3 ||     9
  Use: Potion            |     2 |       |     1 ||     3
       Scroll            |     1 |     6 |       ||     7
 Stab: Distracted        |     1 |       |       ||     1
       Sleeping          |     7 |    12 |     5 ||    24
  Eat: Chunk             |     1 |     5 |     5 ||    11
       Bread ration      |       |     1 |       ||     1
Armor: Leather armour    |    26 |       |       ||    26
       Ring mail         |    19 |    43 |     2 ||    64
       Scale mail        |       |       |    42 ||    42
       Skin              |       |       |     7 ||     7
Dodge: Dodged            |    54 |    62 |    81 ||   197
